 Dungeon Crawl Stone Soup version 0.18.1-48-g4cf74bf (webtiles) character file.

245 wemp the Skirmisher (level 5, 0/42 HPs)
             Began as a Mummy Fighter on July 26, 2016.
             Slain by a gnoll
             ... wielding a +0 halberd
              (8 damage)
             ... on level 3 of the Dungeon.
             The game lasted 00:06:07 (2178 turns).

wemp the Skirmisher (Mummy Fighter)                 Turns: 2178, Time: 00:06:08

Health: 0/42       AC: 12    Str: 19    XL:     5   Next: 83%
Magic:  5/5        EV:  3    Int:  7    God:
Gold:   86         SH:  9    Dex: 13    Spells: 0 memorised, 4 levels left

rFire  x . .     SeeInvis .     a - +0 war axe
rCold  + . .     Gourm    .     f - +0 plate armour
rNeg   + + +     Faith    .     c - +0 shield
rPois  ∞         Spirit   .     (no helmet)
rElec  .         Dismiss  .     b - +0 cloak
rCorr  .         Reflect  .     (no gloves)
SustAt .         Harm     .     (no boots)
MR     .....                    (no amulet)
Stlth  ..........               (no ring)
                                (no ring)

@: not resistant to hostile enchantments, extremely unstealthy
A: no food or potions, fire vulnerability, cold resistance 1, negative energy
resistance 3, torment resistance, unbreathing
a: no special abilities


You were on level 3 of the Dungeon.
You were not hungry.

You visited 1 branch of the dungeon, and saw 3 of its levels.

You collected 86 gold pieces.

Inventory:

Hand Weapons
 a - a +0 war axe (weapon)
Missiles
 g - 3 tomahawks (quivered)
Armour
 b - a +0 cloak (worn)
 c - a +0 shield (worn)
 f - a +0 plate armour (worn)
Scrolls
 d - 4 scrolls of identify {unknown}
 e - a scroll of magic mapping {unknown}
 h - a scroll of remove curse {unknown}
 i - a scroll of immolation {unknown}
 j - a scroll of recharging {unknown}
 k - a scroll of enchant weapon {unknown}
 l - a scroll of amnesia {unknown}


   Skills:
 + Level 4.0 Fighting
 + Level 2.8 Axes
 + Level 3.2 Armour
 + Level 3.6 Shields


You had 4 spell levels left.
You didn't know any spells.

Dungeon Overview and Level Annotations

Branches:
Dungeon (3/15)

Altars:


Innate Abilities, Weirdness & Mutations

You do not eat or drink.
Your flesh is vulnerable to fire.
You are immune to poison.
Your flesh is cold resistant.
You are immune to negative energy.
You are immune to unholy pain and torment.
You can survive without breathing.


Message History

You closely miss the gnoll.
The gnoll is heavily wounded.
The gnoll hits you. The gnoll barely misses you. You block the gnoll's attack.
The gnoll hits you.
* * * LOW HITPOINT WARNING * * *
You closely miss the gnoll.
The gnoll is severely wounded.
Your shield and plate armour prevent you from hitting the gnoll.
The gnoll is heavily wounded.
Your shield and plate armour prevent you from hitting the gnoll.
The gnoll is heavily wounded.
You block the gnoll's attack. x2; The gnoll hits you but does no damage.
You completely miss the gnoll.
The gnoll is severely wounded.
You slash the gnoll!
You kill the gnoll!
You hit the gnoll.
The gnoll is severely wounded.
The gnoll hits you with a halberd!
You die...

#.....#.#..#.#
#.....#.#..#.#
#.....#.#..#.#
###.#.#.#....#
#.#.#.#....#
#.#.#.#.#>.#
#.....#.#..#
#####.#.#.)#
#.#.#@g#
#.#.#g†#
#.#.#..#
#.#.#...
#...#..##
######.# .# .#


You could see 2 gnolls.

Vanquished Creatures
  The ghost of Fluut the Charmwright, an amateur HESk of Dithmenos (D:3)
  2 gnolls (D:3)
  3 adders
  An ooze (D:3)
  3 worms
  3 giant geckos
  3 giant cockroaches
  7 goblins
  6 hobgoblins
  4 jackals
  A quokka (D:2)
  2 ball pythons
  7 bats
  5 giant newts
  11 kobolds
  8 rats
67 creatures vanquished.

Notes
Turn   | Place    | Note
--------------------------------------------------------------
     0 | D:1      | wemp the Mummy Fighter began the quest for the Orb.
     0 | D:1      | Reached XP level 1. HP: 18/18 MP: 1/1
   200 | D:1      | Reached XP level 2. HP: 15/24 MP: 2/2
  1135 | D:2      | Reached XP level 3. HP: 29/29 MP: 3/3
  1569 | D:2      | Reached XP level 4. HP: 32/35 MP: 4/4
  1882 | D:3      | Noticed Fluut's ghost (amateur HESk)
  1922 | D:3      | Killed Fluut's ghost
  1922 | D:3      | Reached XP level 5. HP: 19/42 MP: 5/5
  2175 | D:3      | Reached skill level 4 in Fighting
  2178 | D:3      | Slain by a gnoll

Skill      XL: |  1  2  3  4  5 |
---------------+----------------+-----
Axes           | 2 |  2.8
Shields        | 3 |  3.6
Armour         | 3 |  3.2
Fighting       | 4 |  4.0

Action                   |  1- 3 |  4- 6 || total
-------------------------+-------+-------++-------
Melee: War axe           |   224 |   102 ||   326
Armor: Plate armour      |   173 |    72 ||   245
       Scale mail        |     1 |       ||     1
Dodge: Dodged            |    36 |    21 ||    57
Block: Shield            |   133 |    64 ||   197
